 753 Aisha the Firebug (level 7, -7/61 HPs)
             Began as an Octopode Fire Elementalist on Sept 28, 2019.
             Killed by divine providence
             ... invoked by an orc priest
              (9 damage)
             ... on level 5 of the Dungeon.
             The game lasted 00:10:20 (4832 turns).

Aisha the Firebug (Octopode Fire Elementalist)      Turns: 4832, Time: 00:10:21

Health: -7/61      AC: 23    Str:  7    XL:     7   Next: 79%
Magic:  12/12      EV:  2    Int: 25    God:
Gold:   179        SH:  0    Dex: 12    Spells: 3/13 levels left

rFire    . . .     SeeInvis .   f - +0 whip (venom)
rCold    . . .     Gourm    .   (no shield)
rNeg     + + +     Faith    .   (helmet currently unavailable)
rPois    +         Spirit   .   (no amulet)
rElec    .         Reflect  .   (no ring)
rCorr    .         Harm     .   (no ring)
MR       .....     NoTele   +   (no ring)
Stlth    ++........             (no ring)
HPRegen  0.20/turn              (no ring)
MPRegen  0.13/turn              (no ring)
                                (no ring)
                                (no ring)

@: brilliant, tree-form, hasted, very quick
A: almost no armour, stealthy swim, (amphibious), 8 rings, (constrict 8)
a: no special abilities


Innate Abilities, Weirdness & Mutations

You cannot wear most types of armour.
You are very stealthy in the water. (Stealth+)
((You are amphibious.))
You can wear up to eight rings at the same time.
((You can use your tentacles to constrict eight enemies at once.))
((Your skin changes colour to match your surroundings (Stealth+).))
((Your rubbery body absorbs attacks. (AC +1, EV +1)))


   Skills:
 - Level 2.0 Dodging
 - Level 2.6 Stealth
 + Level 3.8 Spellcasting
 * Level 5.2 Conjurations
 * Level 6.1 Fire Magic


You had 3 spell levels left.
You knew the following spells:

 Your Spells              Type           Power        Failure   Level  Hunger
c - Conjure Flame         Conj/Fire      #####...     1%          3    ##.....
f - Throw Flame           Conj/Fire      #####.       1%          2    #......
y - Sticky Flame          Conj/Fire      #####...     1%          4    ####...
z - Flame Tongue          Conj/Fire      #####        1%          1    None

Your spell library contained the following spells:

 Spells                   Type           Power        Failure   Level  Hunger
 Inner Flame              Hex/Fire       #####...     1%          3    ##.....
 Fireball                 Conj/Fire      #####.....   3%          5    ######.

Inventory:

Hand Weapons
 f - a +0 whip of venom (weapon)
 o - a +1 falchion of electrocution
Jewellery
 F - an uncursed ring of fire
Wands
 q - a wand of polymorph (11)
 r - a wand of paralysis (3)
Scrolls
 d - 2 scrolls of remove curse {@r2}
 e - a scroll of random uselessness {unknown}
 g - a scroll of teleportation {unknown}
 h - 2 scrolls of fog
 i - a scroll of magic mapping
 j - a scroll of blinking {unknown}
 k - 4 scrolls of amnesia
 n - 2 scrolls of identify {@r1}
Comestibles
 b - 5 rations {@e1}
 p - a chunk of flesh


Message History

You hit the orc priest.
The orc priest looks as sick as possible!
You grab the orc priest.
The orc priest is heavily wounded.
You constrict the orc priest.
The orc priest miscasts a cantrip.
Unknown command.
You release your grip on the orc priest.
The orc misses you.
The orc priest invokes the aid of Beogh against you.
Beogh smites you!
* * * LOW HITPOINT WARNING * * *
Unknown command.
It was a potion of lignification.
You turn into a tree.
Your roots penetrate the ground.
The orc hits you but does no damage.
The orc priest hits you but does no damage.
It was a potion of brilliance.
You feel clever all of a sudden.
The orc priest hits you with a +2 dagger of protection.
* * * LOW HITPOINT WARNING * * *
It was a potion of magic.
Magic courses through your body. The orc hits you but does no damage.
The orc priest begins to cast a cantrip, but forgets the words!
The orc priest hits you but does no damage.
It was a potion of haste.
You feel yourself speed up. The orc hits you but does no damage.
The orc priest hits you but does no damage.
The orc priest invokes the aid of Beogh against you.
Beogh smites you!
You die...

Skill      XL: |  1  2  3  4  5  6  7 |
---------------+----------------------+-----
Conjurations   | 2 3 4 5 |  5.2
Fire Magic     | 4 5 6 |  6.1
Spellcasting   | 3 |  3.8
Dodging        | |  2.0
Stealth        | |  2.6

Action                   |  1- 3 |  4- 6 |  7- 9 || total
-------------------------+-------+-------+-------++-------
Melee: Unarmed           |    24 |       |       ||    24
       Constrict         |    21 |    13 |     9 ||    43
       Tentacles         |    10 |    12 |     2 ||    24
       Whip              |    32 |    45 |    28 ||   105
 Cast: Flame Tongue      |    29 |    30 |    24 ||    83
       Throw Flame       |     4 |    12 |     4 ||    20
       Conjure Flame     |       |     1 |     3 ||     4
  Use: Scroll            |       |     5 |       ||     5
       Potion            |       |     1 |     4 ||     5
 Stab: Sleeping          |     3 |     8 |     1 ||    12
       Distracted        |       |     1 |       ||     1
  Eat: Chunk             |     3 |     8 |     3 ||    14
Armor: Skin              |    12 |       |     6 ||    18
Dodge: Dodged            |    38 |    34 |    21 ||    93

Notes
Turn   | Place    | Note
-------+----------+-------------------------------------------
     0 | D:1      | Aisha the Octopode Fire Elementalist began the quest for
                  | the Orb.
     0 | D:1      | Reached XP level 1. HP: 11/11 MP: 3/3
   260 | D:1      | Reached XP level 2. HP: 17/17 MP: 1/5
   264 | D:1      | Learned a level 2 spell: Throw Flame
   927 | D:1      | Reached XP level 3. HP: 21/21 MP: 6/6
   932 | D:1      | Learned a level 3 spell: Conjure Flame
  1119 | D:2      | Reached skill level 2 in Conjurations
  1575 | D:2      | You fall through a shaft!
  1841 | D:2      | Found a faded altar of an unknown god.
  1872 | D:2      | Reached XP level 4. HP: 25/27 MP: 0/7
  2410 | D:3      | Noticed Grinder
  2498 | D:3      | Noticed a bullfrog
  2501 | D:3      | Killed a bullfrog
  2501 | D:3      | Reached skill level 3 in Conjurations
  2501 | D:3      | Reached skill level 4 in Fire Magic
  2501 | D:3      | Reached XP level 5. HP: 30/31 MP: 3/9
  3134 | D:4      | Found a shadowy altar of Dithmenos.
  3331 | D:4      | Noticed Menkaure
  3373 | D:4      | Noticed an ogre
  3491 | D:4      | Killed an ogre
  3491 | D:4      | Reached skill level 3 in Spellcasting
  3491 | D:4      | Reached XP level 6. HP: 36/36 MP: 3/10
  3497 | D:4      | Learned a level 4 spell: Sticky Flame
  3601 | D:4      | Reached skill level 5 in Fire Magic
  3775 | D:4      | Reached skill level 4 in Conjurations
  4008 | D:4      | Killed Menkaure
  4008 | D:4      | Reached XP level 7. HP: 41/41 MP: 1/12
  4553 | D:4      | Reached skill level 5 in Conjurations
  4758 | D:5      | Entered Level 5 of the Dungeon
  4776 | D:5      | Reached skill level 6 in Fire Magic
  4828 | D:5      | HP: 3/41 [orc priest/divine providence (13)]
  4832 | D:5      | Killed from afar by an orc priest

Vanquished Creatures
  Menkaure (D:4)
  2 ogres (D:4)
  A bullfrog (D:3)
  A hound (D:5)
  An orc priest (D:4)
  2 centaur skeletons (D:4)
  2 orc wizards (D:5)
  3 worker ants
  3 gnolls (D:4)
  4 adders
  2 oozes
  2 worms
  A dart slug (D:1)
  12 orcs (D:4)
  A ball python (D:1)
  5 giant cockroaches
  6 goblins
  7 hobgoblins
  2 jackals (D:1)
  6 kobolds
  2 quokkas
  6 bats
  5 frilled lizards
  A leopard gecko skeleton (D:4)
  9 rats
87 creatures vanquished.
